 Dungeon Crawl Stone Soup version 0.31.0-11-ge490571c62 (webtiles) character file.

Game seed: 13458805507932385093

83 qw the Shooter (level 4, -2/22 HPs)
             Began as a Spriggan Hunter on Feb 5, 2024.
             Killed from afar by an orc wizard (4 damage)
             ... with a magic dart
             ... on level 3 of the Dungeon.
             The game lasted 00:00:28 (1206 turns).

qw the Shooter (Spriggan Hunter)                    Turns: 1206, Time: 00:00:29

Health: -2/22      AC:  2    Str:  7    XL:     4   Next: 22%
Magic:  5/5        EV: 20    Int: 10    God:
Gold:   30         SH:  0    Dex: 20    Spells: 3/3 levels left

rFire   . . .        a - +0 shortbow
rCold   . . .        (shield currently unavailable)
rNeg    . . .        c - +0 robe
rPois   .            (helmet restricted)
rElec   .            (no cloak)
rCorr   .            (gloves unavailable)
SInv    +            (boots unavailable)
Will    .....        (no amulet)
Stlth   ++           (no ring)
HPRegen 0.23/turn    (no ring)
MPRegen 0.09/turn

%: no passive effects
@: about to teleport, very quick
A: very small, no large weapons, unfitting armour, see invisible, speed 3
a: no special abilities


You were on level 3 of the Dungeon.
You visited 1 branch of the dungeon, and saw 4 of its levels.

You collected 30 gold pieces.


Innate Abilities, Weirdness & Mutations

You are very small and have problems with some larger weapons.
You are too small for most types of armour.
You have supernaturally acute eyesight. (SInv)
You cover ground extremely quickly. (Speed+++)


   Skills:
 - Level 1.5 Fighting
 - Level 5.0 Ranged Weapons
 + Level 4.6 Dodging
 - Level 1.5 Stealth


You had 3 spell levels left.
You didn't know any spells.
Your spell library was empty.

Inventory:

Hand Weapons
 a - a +0 shortbow (weapon)
Armour
 c - a +0 robe (worn)
Jewellery
 b - a ring of protection from fire
Scrolls
 d - a scroll of identify {unknown}
 e - a scroll of noise {unknown}
Potions
 g - a potion of heal wounds {unknown}

Dungeon Overview and Level Annotations

Branches:
Dungeon (4/15)
 Temple: D:4-7

Altars:


Message History

The orc wizard gestures wildly while chanting.
The orc wizard flickers and vanishes for a moment.
You shoot an arrow.
The arrow hits the orc wizard but does no damage.
The orc wizard is lightly wounded.
You shoot an arrow. The arrow barely misses the orc wizard.
The orc wizard points at you and mumbles some strange words.
You easily resist.
You shoot an arrow. The arrow barely misses the orc wizard.
You shoot an arrow.
The arrow closely misses the orc wizard.
The orc wizard hits you with a +0 dagger.
You shoot an arrow.
The arrow closely misses the orc wizard.
The orc wizard casts a spell at you. The puff of flame misses you.
You shoot an arrow. The arrow hits the orc wizard!
The orc wizard is heavily wounded.
The orc wizard points at you and mumbles some strange words.
The magic dart hits you.
You shoot an arrow.
The arrow closely misses the orc wizard.
The orc wizard misses you.
You shoot an arrow. The arrow barely misses the orc wizard.
The orc wizard closely misses you. The orc completely misses you.
You shoot an arrow. The arrow barely misses the orc wizard.
The orc hits you with a +0 short sword.
The orc wizard hits you with a +0 dagger.
You shoot an arrow. The arrow hits the orc wizard!
The orc wizard is almost dead.
The orc misses you.
The orc wizard points at you and mumbles some strange words.
The magic dart hits you.
1206 ||| READING scroll of teleportation.
As you read the scroll of teleportation, it crumbles to dust.
You feel strangely unstable. The orc closely misses you.
The orc wizard points at you and mumbles some strange words.
The magic dart hits you.
You die...

#.....# #.# ##
#.....# #.# #.
######.....###.# #.
.)..)........... #.
#####.....###.# #.
#............ #.
#............
##o#####............
#.o@................
#..#####..........##
#.. #############
#..#################
....................
...........#.########
.##.##<####.#.# .. #.
#.#.# #.#.#


You could see an orc wizard (invisible) and an orc.

Vanquished Creatures
  An orc wizard (D:3)
  A dart slug (D:1)
  5 orcs (D:3)
  5 ball pythons
  3 endoplasms (D:1)
  2 giant cockroaches
  4 goblins
  3 hobgoblins (D:1)
  4 jackals (D:3)
  7 bats
  3 frilled lizards
  6 kobolds
  3 rats (D:3)
47 creatures vanquished.

Notes
Turn   | Place    | Note
-------+----------+-------------------------------------------
     0 | D:1      | qw the Spriggan Hunter began the quest for the Orb.
     0 | D:1      | Reached XP level 1. HP: 10/10 MP: 2/2
     0 | D:1      | 0 ||| qw: Version: 0.3-a-160-g6735b56
     0 | D:1      | 0 ||| qw: Game counter: 6262
     0 | D:1      | 0 ||| qw: Melee chars always use a shield: true
     0 | D:1      | 0 ||| qw: God list: Okawaru
     0 | D:1      | 0 ||| qw: Allow faded altars: false
     0 | D:1      | 0 ||| qw: Do Orc after clearing Dungeon:15 true
     0 | D:1      | 0 ||| qw: Do second Lair branch before Depths: true
     0 | D:1      | 0 ||| qw: Lair rune preference: random
     0 | D:1      | 0 ||| qw: Goals: Normal
     0 | D:1      | 0 ||| PLANNING D:1-11
    62 | D:1      | Found a faded altar of an unknown god.
   111 | D:1      | Reached skill level 3 in Dodging
   152 | D:1      | Reached XP level 2. HP: 14/14 MP: 3/3
   563 | D:1      | Reached XP level 3. HP: 18/18 MP: 4/4
   750 | D:1      | 750 ||| READING 2 scrolls labelled KEKHLI XYWENA.
   754 | D:1      | 754 ||| DRINKING 2 fuming blue potions.
   755 | D:1      | 755 ||| DROPPING scroll of butterflies.
   756 | D:1      | 756 ||| DROPPING potion of attraction.
   843 | D:2      | You fall into a shaft and drop 2 floors!
   848 | D:4      | 848 ||| READING scroll labelled EFRIPN VAPU.
   855 | D:3      | 855 ||| PLANNING SEWER
   864 | D:3      | 864 ||| DRINKING fizzy silvery potion.
   865 | D:3      | 865 ||| DRINKING bubbling cyan potion.
   944 | D:3      | Reached skill level 5 in Ranged Weapons
   999 | D:3      | Reached XP level 4. HP: 22/22 MP: 5/5
  1205 | D:3      | HP: 2/22 [orc wizard/magic dart (6)]
  1206 | D:3      | 1206 ||| READING scroll of teleportation.
  1206 | D:3      | Killed from afar by an orc wizard

Levels and vault maps discovered:
D:1:      dpeg_arrival_circle_labyrinth_c, layout_loops_ring,
          ebering_ecumenical_altar_rust
D:2:      layout_loops_ring, lightli_corner_chamber, uniq_terence
D:3:      layout_basic, gup_sewer_entry_bubbles, minivault_26, minivault_11,
          uniq_ijyb
D:4:      layout_basic, serial_bayou, serial_bayou_lake_a, serial_bayou_pond_d,
          serial_bayou_pond_d, serial_bayou_ford_a, gammafunk_ghost_cemetery

Skill      XL: |  1  2  3 |
---------------+----------+-----
Dodging        | 3 4 |  4.6
Ranged Weapons | 5 |  5.0
Fighting       | |  1.5
Stealth        | |  1.5

Action                     |  1- 3 |  4- 6 || total
---------------------------+-------+-------++-------
   Fire: Shortbow          |    86 |    23 ||   109
    Use: Potion            |     3 |       ||     3
         Scroll            |     2 |     1 ||     3
 Armour: Robe              |     5 |     6 ||    11
  Dodge: Dodged            |    19 |     6 ||    25

Table legend:
 A = Non-vault XP
 B = Vault XP
 C = Vault XP percentage of total XP
 D = Non-vault monster count
 E = Vault monster count
 F = Vault count percentage of total count
                 A         B        C        D         E       F
            +---------+---------+-------+---------+---------+-------
      Total |     119 |       0 |   0.0 |      47 |       0 |   0.0
            +---------+---------+-------+---------+---------+-------
        D:1 |      42 |       0 |   0.0 |      24 |       0 |   0.0
        D:3 |      77 |       0 |   0.0 |      23 |       0 |   0.0
            +---------+---------+-------+---------+---------+-------
